 Dungeon Crawl Stone Soup version 0.29-a0-231-g945431f764 (webtiles) character file.

Game seed: 18369832817264739978

1 testman the Vexing (level 1, -1/15 HPs)
             Began as a Demigod Arcane Marksman on Feb 28, 2022.
             Slain by a quokka (3 damage)
             ... on level 1 of the Dungeon.
             The game lasted 00:00:40 (50 turns).

testman the Vexing (Demigod Arcane Marksman)          Turns: 50, Time: 00:00:41

Health: -1/15      AC:  2    Str: 11    XL:     1   Next: 13%
Magic:  4/4        EV: 12    Int: 15    God:
Gold:   0          SH:  0    Dex: 14    Spells: 1/2 levels left

rFire   . . .      SeeInvis .   a - +0 shortbow
rCold   . . .      Faith    .   (shield currently unavailable)
rNeg    . . .      Spirit   .   b - +0 robe
rPois   .          Reflect  .   (no helmet)
rElec   .          Harm     .   (no cloak)
rCorr   .          Rampage  .   (no gloves)
Will    .....                   (no boots)
Stlth   +.........              (no amulet)
HPRegen 0.05/turn               (no ring)
MPRegen 0.09/turn               (no ring)

@: no status effects
A: high MP 1, forlorn, divine attributes
a: no special abilities


You were on level 1 of the Dungeon.
You visited 1 branch of the dungeon, and saw 1 of its levels.

Inventory:

Hand Weapons
 a - a +0 shortbow (weapon)
Armour
 b - a +0 robe (worn)


   Skills:
 + Level 0.9 Fighting
 + Level 1.8 Bows
 - Level 1.7 Dodging
 - Level 1.0 Spellcasting
 + Level 2.7 Hexes


You had one spell level left.
You knew the following spells:

 Your Spells              Type           Power      Damage    Failure   Level
a - Slow                  Hex            32%        N/A       9%          1

Your spell library contained the following spells:

 Spells                   Type           Power      Damage    Failure   Level
 Inner Flame              Hex/Fire       4%         N/A       38%         3
 Portal Projectile        Hex/Tloc       8%         N/A       38%         3
 Cause Fear               Hex            4%         N/A       63%         4


Dungeon Overview and Level Annotations

Branches:
Dungeon (1/15)


Innate Abilities, Weirdness & Mutations

You have an increased reservoir of magic. (+10% MP)
You shall have no god before yourself.
Your divine heritage dramatically boosts your attributes as you level up.


Message History

Found four deep dwarf skeletons.
Found a staircase leading out of the dungeon.
You see here a deep dwarf skeleton.
Found a ring mail.
A quokka comes into view.
You shoot an arrow. The arrow hits the quokka!
You kill the quokka!
A kobold comes into view. It is wielding a +0 short sword.
The kobold shouts!
You shoot an arrow. The arrow closely misses the kobold.
You shoot an arrow. The arrow misses the kobold.
You shoot an arrow. The arrow misses the kobold.
You shoot an arrow. The arrow closely misses the kobold.
A quokka comes into view.
You shoot an arrow. The arrow barely misses the kobold.
The kobold hits you but does no damage.
The kobold hits you with a +0 short sword.
You shoot an arrow. The arrow hits the quokka.
The quokka is severely wounded.
The quokka bites you. The kobold closely misses you.
You shoot an arrow. The arrow misses the quokka.
The quokka bites you.
The kobold hits you with a +0 short sword.
* * * LOW HITPOINT WARNING * * *
The quokka barely misses you.
The kobold hits you with a +0 short sword.
* * * LOW HITPOINT WARNING * * *
You are too injured to fight recklessly!
You are too injured to fight recklessly!
You are too injured to fight recklessly!
The quokka bites you.
* * * LOW HITPOINT WARNING * * *
The quokka bites you but does no damage.
Shoot: a) +0 shortbow
Press: ? - help, Q - select action, (/) - cycle Shift-Dir - straight line, f/p - quokka
Aim: a quokka (severely wounded, 46% to hit)
You shoot an arrow.
The arrow hits the quokka but does no damage.
The quokka is severely wounded.
The quokka bites you.
You die...

.## #.
....#.############
#..............#
#............#
##########...#
#.[.....K##
#......#.#
#..##..#r#
#..##..#@#
##....##.#
#...###.# #...#
#.# #.÷.###.#
#.....###
###..÷..# ##.÷..##
##...<#


You could see a quokka and a kobold.

Vanquished Creatures
  A quokka (D:1)
1 creature vanquished.

Notes
Turn   | Place    | Note
-------+----------+-------------------------------------------
     0 | D:1      | testman the Demigod Arcane Marksman began the quest for the
                  | Orb.
     0 | D:1      | Reached XP level 1. HP: 15/15 MP: 4/4
    50 | D:1      | Slain by a quokka

Illustrated notes

Levels and vault maps discovered:
D:1:      amcnicky_arrival_wind_blow, layout_loops_ring, serial_shops,
          nicolae_shop_waterfront

Action                   || total
-------------------------++-------
 Fire: Shortbow          ||     9
Armor: Robe              ||     2
Dodge: Dodged            ||     2

Table legend: (Time is in decaauts)
 A = Elapsed time spent in this place.
 B = Non-inter-level travel time spent in this place.
 C = Inter-level travel time spent in this place.
 D = Time resting spent in this place.
 E = Time spent auto-exploring this place.
 F = Levels seen in this place.
 G = Mean time per level.
                   A        B        C        D        E       F      G
               +--------+--------+--------+--------+--------+-----+--------+
         Total |     53 |     53 |      0 |      0 |     28 |   1 |   53.0 |
       Dungeon |     53 |     53 |      0 |      0 |     28 |   1 |   53.0 |
               +--------+--------+--------+--------+--------+-----+--------+

Top non-repeatable levels by time:
     D:1: 53 daAuts
